 Dungeon Sprint DCSS version 0.31-a0-920-g28cbb04a8c (webtiles) character file.

Game seed: 7004764464653581585

39384 sircluck the Brawler (level 13, -1/154 HPs)
             Began as a Troll Berserker on Oct 17, 2023.
             Was a High Priest of Trog.
             Killed from afar by a black draconian knight (34 damage)
             ... with a bolt of lightning
             ... in the Dungeon (Sprint VII: "The Pits").
             The game lasted 00:11:16 (2035 turns).

sircluck the Brawler (Troll Berserker)              Turns: 2035, Time: 00:11:18

Health: -1/154     AC:  8    Str: 35    XL:     13   Next: 68%
Magic:  12/12      EV: 17    Int:  3    God:    Trog [*****.]
Gold:   49         SH:  5    Dex:  9    Spells: 12/12 levels left

rFire   . .          .
                       - Unarmed
rCold   . . .        (no shield)
rNeg    . . .        k - +0 troll leather armour
rPois   .            (helmet restricted)
rElec   .            m - +0 cloak
rCorr   .            (gloves unavailable)
SInv    .            (boots unavailable)
Will    .....        w - amulet of reflection
Stlth   +            n - +3 ring of evasion
HPRegen 2.05/turn    a - +3 ring of strength
MPRegen 0.13/turn

%: no teleportation, reflection
@: lethally poisoned (-1 -> -1)
A: large, unfitting armour, claws 3, regeneration 1, shaggy fur 1, tough skin 1
a: Renounce Religion, Berserk, Trog's Hand, Brothers in Arms


You were in the Dungeon.
You worshipped Trog.
Trog was extremely pleased with you.
You visited 1 branch You collected 49 gold pieces.

Inventory:

Armour
 k - a +0 troll leather armour (worn)
 m - a +0 cloak (worn)
Jewellery
 a - a +3 ring of strength (right claw)
 g - a +4 ring of protection
 n - a +3 ring of evasion (left claw)
 u - a ring of positive energy
 v - a ring of protection from fire
 w - an amulet of reflection (around neck)
Wands
 t - a wand of flame (15)
Scrolls
 i - 2 scrolls of vulnerability
 j - a scroll of summoning
 o - 4 scrolls of fog
 p - 2 scrolls of fear
 r - 3 scrolls of identify
 s - 2 scrolls of enchant weapon
 x - a scroll of torment
Potions
 b - 11 potions of curing
 c - 3 potions of heal wounds
 d - a potion of haste
 e - 4 potions of magic
 f - 4 potions of berserk rage
 h - 2 potions of invisibility
 l - 2 potions of might
 q - 3 potions of mutation


   Skills:
 + Level 16.8 Fighting
 + Level 14.9 Armour
 + Level 16.8 Dodging
 + Level 19.6 Unarmed Combat


You had 12 spell levels left.
You didn't know any spells.
Your spell library was empty.

Dungeon Overview and Level Annotations

Branches:
Dungeon (1/1)

Altars:
Ashenzari
Cheibriados
Dithmenos
Elyvilon
Fedhas
Gozag
Hepliaklqana
Kikubaaqudgha
Makhleb
Nemelex Xobeh
Okawaru
Qazlal
Ru
Sif Muna
Trog
Uskayaw
Vehumet
Wu Jian
Xom
Yredelemnul
Zin
The Shining One
Jiyva
Lugonu


Innate Abilities, Weirdness & Mutations

You are too large for most types of armour.
You have claws for hands.
Your natural rate of healing is unusually fast.
You are covered in fur. (AC +1)
You have tough skin. (AC +1)


Message History

The fire dragon scales are intact enough to wear.
Unknown command.
You feel sick.
The black draconian knight mumbles some strange words.
The black draconian knight flickers and vanishes!
Deactivating autopickup; reactivate with Ctrl-A.
Your iron troll bites the red draconian!
Your iron troll claws the red draconian!! x2
Your ogre goes berserk!
You feel sick.
Your iron troll bites the red draconian!
Your iron troll claws the red draconian but does no damage.
Your iron troll claws the red draconian!!
You feel sick.
The vault guard hits your iron troll with a +0 great mace.
The red draconian breathes fire at your iron troll.
The searing blast hits your iron troll.
Your iron troll resists.
Your iron troll is engulfed in blazing flames.
Your iron troll bites the red draconian!!!
The red draconian dies!
Trog accepts your kill.
Unknown command.
You feel sick.
Your ogre is engulfed in blazing flames.
A deep elf demonologist comes into view.
It is wielding a +0 short sword.
Your iron troll is engulfed in blazing flames.
Your iron troll bites the deep elf high priest.
Your iron troll misses the deep elf high priest.
Your iron troll claws the deep elf high priest!!
Your ogre barely misses the deep elf high priest.
You see here a +0 short sword.
You feel sick.
A bolt of lightning appears from out of thin air!
The bolt of lightning hits your iron troll!!
The bolt of lightning hits your ogre!!!
Your ogre dies!
Your ogre's corpse disappears in a puff of smoke!
The bolt of lightning hits you!!
You die...

...............)..#
++##############).#
#..# #..# #..# #..#
#..# #..# #@.# #.○#
#.§# #eT# #p{#
#D.e).# ....d#..##
..ep ##.: ... ..#


You could see a vault guard, a deep elf demonologist, a deep elf high priest and
a friendly iron troll (summoned, berserk).

Vanquished Creatures
  Frances (D)
  A ghost moth (D)
  An eidolon (D)
  A deep elf high priest (D)
  A rakshasa (D)
  A death yak (D)
  A demonic crawler (D)
  A spriggan druid (D)
  A sea snake (D)
  An iron troll (D)
  A fire crab (D)
  A shadow wraith (D)
  A phantasmal warrior (D)
  A bog body (D)
  A flayed ghost (D)
  A lindwurm (D)
  2 deep elf pyromancers (D)
  An ugly thing (D)
  A merfolk siren (D)
  An elephant (D)
  A guardian serpent (D)
  A rust devil (D)
  A smoke demon (D)
  An eye of devastation (D)
  An ice devil (D)
  2 rime drakes (D)
  A troll (D)
  A tyrant leech (D)
  A tarantella (D)
  A snapping turtle (D)
  A shadow (D)
  3 wraiths (D)
  A ynoxinul (D)
  A spriggan (D)
  A fire bat (D)
  3 yaks (D)
  2 basilisks (D)
  Grum (D)
  A steam dragon (D)
  A chaos spawn (D)
  2 vampire mosquitoes (D)
  2 wargs (D)
  2 acid dragons (D)
  A water moccasin (D)
  A floating eye (D)
  2 swamp drakes (D)
  A black bear (D)
  An ogre (D)
  3 wolves (D)
  2 centaurs (D)
  A phantom (D)
  2 kobold brigands (D)
  4 wights (D)
  8 killer bees (D)
  Crazy Yiuf (D)
  A mummy (D)
  A river rat (D)
  An adder (D)
  An ufetubus (D)
  An adder skeleton (D)
  A worm (D)
  3 orcs (D)
  A ball python (D)
  2 goblins (D)
  2 hobgoblins (D)
  6 jackals (D)
  A kobold (D)
  A ball python zombie (D)
  A bat (D)
  A frilled lizard (D)
  A jackal zombie (D)
  A quokka zombie (D)
  A rat (D)
107 creatures vanquished.

Vanquished Creatures (collateral kills)
  A nagaraja (D)
  A balrug (D)
  4 ghouls (D)
  A red draconian (D)
  2 dire elephants (D)
  A white draconian (D)
  2 deep elf annihilators (D)
  A deep elf high priest (D)
  A fire dragon (D)
  A catoblepas (D)
  A hydra (D)
  A merfolk avatar (D)
  4 death yaks (D)
  A deep troll shaman (D)
  2 sun demons (D)
  An iron troll (D)
  An arcanist (D)
  A deep troll (D)
  A lindwurm (D)
  A deep elf pyromancer (D)
  An eye of devastation (D)
  A komodo dragon (D)
  2 kobold demonologists (D)
  A yaktaur (D)
  A guardian mummy (D)
  A hornet (D)
  A spriggan (D)
  A vampire (D)
  A kobold brigand (D)
  An orc wizard (D)
  An orc (D)
  A goblin (D)
42 creatures vanquished.

Vanquished Creatures (others)
  An orc wizard (D)
  An orc (D)
2 creatures vanquished.

Grand Total: 151 creatures vanquished

Notes
Turn   | Place    | Note
-------+----------+-------------------------------------------
     0 | D        | sircluck the Troll Berserker began the quest for the Orb.
     0 | D        | Reached XP level 1. HP: 22/22 MP: 0/0
    20 | D        | Reached ** piety under Trog
    28 | D        | Found a bloodstained altar of Trog.
    28 | D        | Found a shimmering blue altar of Sif Muna.
    28 | D        | Found a viscous altar of Jiyva.
    28 | D        | Found a hazy altar of Hepliaklqana.
    28 | D        | Found an opulent altar of Gozag.
    29 | D        | Found a glowing golden altar of the Shining One.
    29 | D        | Found a glowing silver altar of Zin.
    29 | D        | Found a basalt altar of Yredelemnul.
    29 | D        | Found a shimmering altar of Xom.
    29 | D        | Found an ornate altar of the Wu Jian Council.
    29 | D        | Found a sacrificial altar of Ru.
    29 | D        | Found a stormy altar of Qazlal.
    29 | D        | Found an iron altar of Okawaru.
    29 | D        | Found a sparkling altar of Nemelex Xobeh.
    29 | D        | Found a burning altar of Makhleb.
    29 | D        | Found a blossoming altar of Fedhas.
    29 | D        | Found a white marble altar of Elyvilon.
    29 | D        | Found a shadowy altar of Dithmenos.
    29 | D        | Found a snail-covered altar of Cheibriados.
    31 | D        | Found a radiant altar of Vehumet.
    31 | D        | Found a corrupted altar of Lugonu.
    32 | D        | Found a hide-covered altar of Uskayaw.
    32 | D        | Found an ancient bone altar of Kikubaaqudgha.
    32 | D        | Found a broken altar of Ashenzari.
    74 | D        | Reached XP level 2. HP: 31/31 MP: 1/1
    84 | D        | Reached *** piety under Trog
    85 | D        | Reached skill level 4 in Unarmed Combat
   105 | D        | Reached XP level 3. HP: 15/39 MP: 2/2
   106 | D        | Reached **** piety under Trog
   171 | D        | Noticed a centaur
   191 | D        | Killed a centaur
   192 | D        | Reached skill level 5 in Fighting
   192 | D        | Reached skill level 5 in Dodging
   192 | D        | Reached skill level 6 in Unarmed Combat
   192 | D        | Reached XP level 4. HP: 47/50 MP: 3/3
   214 | D        | Noticed a water moccasin
   214 | D        | Noticed a fire bat
   220 | D        | Killed a fire bat
   220 | D        | Reached ***** piety under Trog
   221 | D        | Reached skill level 7 in Unarmed Combat
   221 | D        | Reached XP level 5. HP: 56/61 MP: 4/4
   222 | D        | Killed a water moccasin
   223 | D        | Reached skill level 8 in Unarmed Combat
   223 | D        | Reached XP level 6. HP: 56/71 MP: 5/5
   226 | D        | Identified the +4 giant spiked club "Esoj" {heavy, rN++}
                  | (Trog gifted it to you in the Dungeon)
   226 | D        | Received a gift from Trog
   281 | D        | Noticed a troll
   286 | D        | Killed a troll
   287 | D        | Reached skill level 9 in Unarmed Combat
   287 | D        | Reached XP level 7. HP: 52/80 MP: 6/6
   312 | D        | Noticed Crazy Yiuf
   318 | D        | Reached skill level 1 in Armour
   319 | D        | Killed Crazy Yiuf
   337 | D        | Noticed a snapping turtle
   361 | D        | Reached skill level 10 in Unarmed Combat
   362 | D        | Received a gift from Trog
   395 | D        | Killed a snapping turtle
   396 | D        | Reached XP level 8. HP: 51/92 MP: 7/7
   505 | D        | Noticed a phantasmal warrior
   516 | D        | Killed a phantasmal warrior
   517 | D        | Reached skill level 11 in Unarmed Combat
   554 | D        | Noticed a lindwurm
   561 | D        | Killed a lindwurm
   562 | D        | Reached skill level 5 in Armour
   562 | D        | Reached XP level 9. HP: 97/101 MP: 8/8
   566 | D        | Noticed a rime drake
   574 | D        | Received a gift from Trog
   575 | D        | Reached skill level 10 in Fighting
   576 | D        | Killed a rime drake
   577 | D        | Reached skill level 10 in Dodging
   577 | D        | Reached skill level 12 in Unarmed Combat
   618 | D        | Reached ****** piety under Trog
   621 | D        | Received a gift from Trog
   702 | D        | Noticed a rime drake
   702 | D        | Noticed a death yak
   702 | D        | Noticed a death yak
   702 | D        | Noticed a death yak
   702 | D        | Noticed a death yak
   702 | D        | Noticed a tyrant leech
   706 | D        | Killed a death yak
   707 | D        | Reached XP level 10. HP: 63/113 MP: 9/9
   708 | D        | Killed a death yak
   708 | D        | Killed a death yak
   709 | D        | Reached skill level 13 in Unarmed Combat
   711 | D        | Killed a death yak
   711 | D        | Received a gift from Trog
   722 | D        | Noticed a deep elf pyromancer
   739 | D        | Paralysed by a floating eye for 4 turns
   744 | D        | Noticed a merfolk siren
   747 | D        | Killed a deep elf pyromancer
   747 | D        | Received a gift from Trog
   748 | D        | Reached skill level 14 in Unarmed Combat
   750 | D        | Paralysed by a floating eye for 4 turns
   762 | D        | Killed a merfolk siren
   776 | D        | Reached XP level 11. HP: 118/124 MP: 10/10
   777 | D        | Noticed a catoblepas
   779 | D        | Killed a catoblepas
   824 | D        | Received a gift from Trog
   880 | D        | Reached skill level 10 in Armour
   880 | D        | Reached skill level 15 in Unarmed Combat
   894 | D        | Noticed a bog body
   896 | D        | Received a gift from Trog
   904 | D        | Killed a bog body
   910 | D        | Noticed a rakshasa
   927 | D        | Killed a rakshasa
  1076 | D        | Noticed a deep elf pyromancer
  1079 | D        | Killed a deep elf pyromancer
  1083 | D        | Received a gift from Trog
  1169 | D        | Noticed a fire crab
  1192 | D        | Killed a fire crab
  1274 | D        | Reached skill level 16 in Unarmed Combat
  1289 | D        | Received a gift from Trog
  1305 | D        | Noticed an eidolon
  1314 | D        | Killed an eidolon
  1341 | D        | Noticed Grum
  1358 | D        | Killed Grum
  1358 | D        | Received a gift from Trog
  1452 | D        | Noticed a ghoul
  1452 | D        | Noticed a ghoul
  1452 | D        | Noticed a balrug
  1452 | D        | Noticed a sun demon
  1452 | D        | Noticed a sun demon
  1454 | D        | Noticed a ghoul
  1454 | D        | Noticed a ghoul
  1461 | D        | Killed a balrug
  1461 | D        | Killed a ghoul
  1462 | D        | Reached XP level 12. HP: 95/139 MP: 11/11
  1464 | D        | Killed a ghoul
  1469 | D        | Killed a ghoul
  1470 | D        | Reached skill level 17 in Unarmed Combat
  1472 | D        | HP: 4/140 [ghoul (22)]
  1473 | D        | Killed a ghoul
  1621 | D        | Noticed a dire elephant
  1623 | D        | HP: 4/140 [deep troll (8)]
  1624 | D        | Noticed a death yak
  1628 | D        | Received a gift from Trog
  1629 | D        | Noticed a deep troll shaman
  1632 | D        | Killed a dire elephant
  1633 | D        | Reached skill level 15 in Fighting
  1633 | D        | Reached skill level 15 in Dodging
  1642 | D        | Killed a death yak
  1644 | D        | Killed a deep troll shaman
  1710 | D        | Noticed a merfolk avatar
  1713 | D        | Noticed an eight-headed hydra
  1717 | D        | Noticed a demonic crawler
  1722 | D        | Reached skill level 18 in Unarmed Combat
  1724 | D        | Killed an 11-headed hydra
  1724 | D        | Received a gift from Trog
  1725 | D        | Killed a demonic crawler
  1726 | D        | Reached XP level 13. HP: 70/150 MP: 12/12
  1732 | D        | Received a gift from Trog
  1763 | D        | HP: 3/152 [something (5)]
  1771 | D        | Killed a ghost moth
  1780 | D        | Noticed a dire elephant
  1792 | D        | Killed a dire elephant
  1792 | D        | Received a gift from Trog
  1808 | D        | Identified the +1 long sword of Gozag's Vengeance {pain,
                  | *Noise +Blink rElec Dex+4}
  1997 | D        | Noticed a deep elf annihilator
  1997 | D        | Noticed a nagaraja
  2005 | D        | Killed a deep elf annihilator
  2006 | D        | Reached skill level 19 in Unarmed Combat
  2011 | D        | Noticed Frances
  2011 | D        | Noticed a deep elf annihilator
  2013 | D        | Noticed a white draconian
  2014 | D        | Killed a deep elf annihilator
  2014 | D        | Received a gift from Trog
  2022 | D        | Killed Frances
  2023 | D        | Noticed a fire dragon
  2023 | D        | Noticed a red draconian
  2027 | D        | Killed a white draconian
  2028 | D        | Killed a nagaraja
  2029 | D        | Noticed a black draconian knight
  2030 | D        | Killed a fire dragon
  2033 | D        | Killed a red draconian
  2034 | D        | Noticed a deep elf demonologist
  2035 | D        | Killed from afar by a black draconian knight

Illustrated notes

Levels and vault maps discovered:
D:        pitsprint [storerooms_1, entrance_room_1, metal_vault_8, armoury_1,
          mini_pit_1, grid_room_1, main_hall_1, silver_pit, the_coven_3,
          the_vestibule_1, steel_vault_2, golden_pit, hallway_of_sentries,
          crystal_vault_2, iron_vault_2, final_vault]

Skill      XL: |  1  2  3  4  5  6  7  8  9 10 11 12 13 |
---------------+----------------------------------------+-----
Fighting       | 3 5 6 7 8 9 11 12 14 15 16 | 16.8
Dodging        | 3 5 6 7 8 9 11 12 14 15 16 | 16.8
Unarmed Combat | 4 6 7 8 9 10 11 12 14 16 18 19 | 19.6
Armour         | 3 5 7 9 11 13 14 | 14.9

Action                     |  1- 3 |  4- 6 |  7- 9 | 10-12 | 13-15 || total
---------------------------+-------+-------+-------+-------+-------++-------
  Melee: Unarmed           |    40 |    27 |    96 |   160 |    37 ||   360
         Punch             |     1 |       |     6 |    16 |     5 ||    28
 Invoke: Berserk           |       |     1 |       |       |       ||     1
         Brothers in Arms  |       |       |     1 |     7 |     5 ||    13
    Use: Potion            |       |       |       |    11 |     3 ||    14
         Scroll            |       |       |       |     2 |       ||     2
   Stab: Confused          |       |       |       |     1 |       ||     1
         Distracted        |       |       |       |       |     1 ||     1
 Armour: Animal skin       |    47 |    19 |       |       |       ||    66
         Troll leather arm |       |       |    77 |   147 |    30 ||   254
  Dodge: Dodged            |    34 |    11 |   121 |   122 |    16 ||   304
  Block: Other             |       |       |       |       |     2 ||     2

Table legend: (Time is in decaauts)
 A = Elapsed time spent in this place.
 B = Non-inter-level travel time spent in this place.
 C = Inter-level travel time spent in this place.
 D = Time resting spent in this place.
 E = Time spent auto-exploring this place.
 F = Levels seen in this place.
 G = Mean time per level.
                   A        B        C        D        E       F      G
               +--------+--------+--------+--------+--------+-----+--------+
         Total |   2017 |   1967 |     50 |    515 |    398 |   1 | 2017.0 |
       Dungeon |   2017 |   1967 |     50 |    515 |    398 |   1 | 2017.0 |
               +--------+--------+--------+--------+--------+-----+--------+

Top non-repeatable levels by time:
       D: 2017 daAuts
